General information
- name: BNet
- type: Ladder 1vs1/FFA
- host: Battle.net
- saver: crudcraft
map: TwistedMeadows
- players: 2
- length: 18:47
- speed: Fast
- version: 1.26 W3XP
- replay type: Public
» download(50 KB)
Players
team 1 (loser)
firmworthy (
blue | 74 APM | 1394 actions | 18:45)
3 Shadow Hunter
2 Serpent Ward
1 Healing Wave
» actions
| Assign group hotkey | 10 | |
| Basic commands | 4 | |
| Build / train | 18 | |
| Enter build submenu | 14 | |
| Enter hero's abilities submenu | 3 | |
| Give item / drop item | 3 | |
| Right click | 799 | |
| Select / deselect | 252 | |
| Select group hotkey | 237 | |
| Use ability | 54 | |
1394 total
» units
» buildings
| Altar of Storms | 1 | |
| Orc Burrow | 1 | |
| Barracks | 1 | |
| Voodoo Lounge | 1 | |
| War Mill | 1 | |
| Watch Tower | 3 | |
8 total
» build order
00:06 Altar of Storms
00:24 Orc Burrow
00:36 Barracks
01:50 Voodoo Lounge
02:35 War Mill
03:50 Watch Tower
03:54 Watch Tower
04:00 Watch Tower
» items
| Healing Salve | 1 | |
| Lesser Clarity Potion | 1 | |
| Boots of Speed | 1 | |
3 total
team 2 (winner)
crudcraft (
green | 49 APM | 929 actions | 18:47)
2 Archmage
1 Blizzard
1 Brilliance Aura
1 Pandaren Brewmaster
1 Breath of Fire
1 Goblin Tinker
1 Pocket Factory
» actions
| Assign group hotkey | 16 | |
| Basic commands | 12 | |
| Build / train | 71 | |
| Enter build submenu | 43 | |
| Enter hero's abilities submenu | 4 | |
| Give item / drop item | 1 | |
| Right click | 270 | |
| Select / deselect | 191 | |
| Select group hotkey | 203 | |
| Use ability | 118 | |
929 total
» units
| Peasant | 18 | |
| Goblin Zeppelin | 1 | |
19 total
» upgrades
» buildings
| Lumber Mill | 1 | |
| Scout Tower | 22 | |
| Guard Tower | 23 | |
| Farm | 10 | |
| Altar of Kings | 1 | |
| Arcane Tower | 2 | |
| Keep | 1 | |
| Arcane Vault | 1 | |
| Castle | 1 | |
| Arcane Sanctum | 1 | |
| Gryphon Aviary | 4 | |
67 total
» build order
00:07 Lumber Mill
00:51 Scout Tower
01:04 Guard Tower
01:05 Guard Tower
01:06 Scout Tower
01:20 Guard Tower
01:24 Scout Tower
01:43 Guard Tower
01:53 Scout Tower
02:12 Guard Tower
02:40 Scout Tower
02:43 Farm
03:03 Altar of Kings
03:19 Arcane Tower
03:34 Scout Tower
03:35 Scout Tower
03:38 Scout Tower
04:03 Guard Tower
04:06 Guard Tower
04:13 Farm
04:24 Scout Tower
04:35 Farm
04:37 Scout Tower
04:39 Scout Tower
04:51 Guard Tower
05:08 Scout Tower
05:10 Scout Tower
05:13 Scout Tower
05:15 Scout Tower
05:24 Arcane Tower
05:38 Guard Tower
05:42 Guard Tower
05:43 Guard Tower
06:10 Guard Tower
06:44 Keep
07:02 Scout Tower
07:03 Scout Tower
07:04 Scout Tower
07:10 Scout Tower
07:14 Farm
07:17 Farm
07:21 Farm
07:32 Guard Tower
07:34 Guard Tower
07:37 Guard Tower
07:37 Guard Tower
08:14 Scout Tower
08:16 Scout Tower
08:17 Scout Tower
08:23 Guard Tower
08:51 Guard Tower
08:56 Arcane Vault
09:44 Guard Tower
10:03 Castle
11:22 Arcane Sanctum
12:56 Guard Tower
16:11 Gryphon Aviary
16:11 Gryphon Aviary
16:12 Gryphon Aviary
16:12 Gryphon Aviary
17:03 Farm
17:03 Farm
17:05 Farm
17:05 Farm
» items
| Ivory Tower | 6 | |
| Mechanical Critter | 5 | |
| Lesser Clarity Potion | 1 | |
| Scroll of Regeneration | 1 | |
| Staff of Sanctuary | 1 | |
14 total
Chat log
(02:36 / All) crudcraft: lol
(11:13 / All) crudcraft: you are in prison